 Dungeon Crawl Stone Soup version 0.29.1-1-gd02db6906a (webtiles) character file.

Game seed: 10564067414701939416

1 Decritt7 the Magician (level 1, 0/15 HPs)
             Began as a Djinni Conjurer on Oct 2, 2022.
             Constricted to death by a ball python (1 damage)
             ... on level 1 of the Dungeon.
             The game lasted 00:01:28 (24 turns).

Decritt7 the Magician (Djinni Conjurer)               Turns: 24, Time: 00:01:29

Health: 0/15       AC:  2    Str:  6    XL:     1   Next: 22%
Gold:   0          EV:  9    Int: 19    God:
                   SH:  0    Dex: 11

rFire   + + .      SeeInvis .   (no weapon)
rCold   x . .      Faith    .   (no shield)
rNeg    . . .      Spirit   .   a - +0 robe
rPois   ∞          Reflect  .   (no helmet)
rElec   .          Harm     .   (no cloak)
rCorr   .          Rampage  .   (no gloves)
Will    .....                   (boots unavailable)
Stlth   ++........              (no amulet)
HPRegen 0.05/turn               (no ring)
MPRegen 0.00/turn               (no ring)

@: flying, constricted
A: sickness immunity, fire resistance 2, cold vulnerability 1, float, innate
caster, HP casting, extra vitality 1
a: no special abilities


You were on level 1 of the Dungeon.
You visited 1 branch of the dungeon, and saw 1 of its levels.

Inventory:

Armour
 a - a +0 robe (worn)


   Skills:
 + Level 0.2 Fighting
 - Level 2.1 Dodging
 - Level 1.5 Stealth
 + Level 3.3 Spellcasting


You couldn't memorise any spells.
You knew the following spells:

 Your Spells              Type           Power      Damage    Failure   Level
a - Magic Dart            Conj           60%        1d6       3%          1
b - Searing Ray           Conj           30%        2d5       6%          2
c - Fulminant Prism       Conj/Hex       7%         3d7       36%         4
d - Dazzling Flash        Conj/Hex       30%        N/A       12%         3
e - Iskenderun's Mystic   Conj/Tloc      15%        2d5       36%         4
Your spell library was empty.

Dungeon Overview and Level Annotations

Branches:
Dungeon (1/15)

Altars:


Innate Abilities, Weirdness & Mutations

You are immune to sickness and miasma.
You are immune to poison.
Your flesh is very heat resistant. (rF++)
You are vulnerable to cold. (rC-)
You float through the air rather than walking.
You learn spells naturally, not from books.
Your magical power is your life essence.
You have superior vitality. (+4 MHP)


Message History

The ball python attacks as you move away!
The ball python misses you. The ball python closely misses you. x2
The ball python grabs you. The ball python constricts you.
Casting: Magic Dart (safe; 3% risk of failure)
Confirm with . or Enter, or press ? or * to list all spells.
Aiming: Magic Dart (safe; 3% risk of failure)
Press: ? - help, Shift-Dir - straight line, f - hobgoblin
Aim: a hobgoblin (100% to hit)
The magic dart hits the hobgoblin.
The hobgoblin is heavily wounded.
A ball python comes into view.
The ball python closely misses you. The ball python constricts you.
The hobgoblin hits you but does no damage.
The ball python's grasp on you weakens, but your attempt to escape fails.
The ball python bites you.
* * * LOW HITPOINT WARNING * * *
The ball python constricts you.
* * * LOW HITPOINT WARNING * * *
The hobgoblin hits you.
* * * LOW HITPOINT WARNING * * *
You escape the ball python's grasp.
The ball python hisses angrily.
The hobgoblin attacks as you move away! The hobgoblin hits you.
* * * LOW HITPOINT WARNING * * *
The ball python closely misses you. The ball python grabs you.
The ball python constricts you.
* * * LOW HITPOINT WARNING * * *
You escape the ball python's grasp.
The ball python bites you.
* * * LOW HITPOINT WARNING * * *
The ball python grabs you. The ball python constricts you.
You escape the ball python's grasp.
The ball python attacks as you move away!
The ball python barely misses you. The ball python closely misses you.
The ball python attacks as you move away!
The ball python misses you.
A hobgoblin comes into view.
The ball python barely misses you. The ball python grabs you.
The ball python constricts you.
You die...

.......#.# .#
.#.P≈~P.P~~P..#.###.#
...~≈≈~.~≈≈~..#.....#
#.~≈≈≈.~≈≈≈.........
#.~~~~.~~~~......... .
#.~~~~.~~~~.[.......
.⌠.##.~~~~.~~~~.........
.~....~~~~.g~~~......#..
.~....~@SS.≈≈≈≈..#####
~~..#.~~~~.~~≈~..# g
#(P~~...~~P.##
#...........#
#.....<.....#
#...........#
#.P≈~...~≈P.#
#.~~~~.~~≈≈.#
#.~≈~~.~≈≈~.#


You could see 2 hobgoblins and 2 ball pythons.

Vanquished Creatures
  A hobgoblin (D:1)
1 creature vanquished.

Notes
Turn   | Place    | Note
-------+----------+-------------------------------------------
     0 | D:1      | Decritt7 the Djinni Conjurer began the quest for the Orb.
     0 | D:1      | Decritt7 set off with the following spells memorised: Magic
                  | Dart, Searing Ray, Dazzling Flash, Fulminant Prism,
                  | Iskenderun's Mystic Blast.
     0 | D:1      | Reached XP level 1. HP: 15/15 MP: 0/0
    24 | D:1      | Constricted to death by a ball python

Illustrated notes

Levels and vault maps discovered:
D:1:      giann_bridges, layout_basic, shapermc_ecumenical_altar_acropolis

Action                   || total
-------------------------++-------
 Cast: Magic Dart        ||     4
Armor: Robe              ||     1
Dodge: Dodged            ||    12
